 Dungeon Crawl Stone Soup version 0.31.0-1-g2c135a0 (webtiles) character file.

Game seed: 13960483225832947974

124 brinewave the Shield-Bearer (level 4, -6/41 HPs)
             Began as a Minotaur Fighter on Jan 26, 2024.
             Was an Initiate of Okawaru.
             Mangled by an ogre
             ... wielding a +0 giant club
              (13 damage)
             ... on level 5 of the Dungeon.
             The game lasted 00:05:08 (1549 turns).

brinewave the Shield-Bearer (Minotaur Fighter)      Turns: 1549, Time: 00:05:09

Health: -6/41      AC:  7    Str: 22    XL:     4   Next: 81%
Magic:  3/3        EV:  9    Int:  5    God:    Okawaru [......]
Gold:   76         SH:  4    Dex: 10    Spells: 3/3 levels left

rFire   . . .        a - +0 war axe
rCold   . . .        c - +0 buckler
rNeg    . . .        b - +0 scale mail
rPois   .            (helmet restricted)
rElec   .            (no cloak)
rCorr   .            (no gloves)
SInv    .            (no boots)
Will    +....        (no amulet) Stlth
                     p - ring of willpower
HPRegen 0.26/turn    (no ring)
MPRegen 0.08/turn

%: no passive effects
@: mighty
A: horns 2, retaliatory headbutt
a: Renounce Religion


You were on level 5 of the Dungeon.
You worshipped Okawaru.
Okawaru was noncommittal.
You visited 2 branches of the dungeon, and saw 5 of its levels.

You collected 76 gold pieces.

Inventory:

Hand Weapons
 a - a +0 war axe (weapon)
 j - a +0 dagger of venom
Missiles
 g - 23 stones (quivered)
 i - 5 silver javelins
Armour
 b - a +0 scale mail (worn)
 c - a +0 buckler (worn)
Jewellery
 p - a ring of willpower (left hand)
Scrolls
 e - a scroll of revelation
 f - a scroll of poison {unknown}
 l - a scroll of fear {unknown}
 m - a scroll of teleportation
Potions
 o - a potion of enlightenment


   Skills:
 + Level 4.5 Fighting
 + Level 3.7 Axes
 + Level 4.5 Armour
 + Level 4.6 Shields


You had 3 spell levels left.
You didn't know any spells.
Your spell library was empty.

Dungeon Overview and Level Annotations

Branches:
Dungeon (5/15)             Temple (1/1) D:5

Altars:
Ashenzari
Cheibriados
Dithmenos
Fedhas
Gozag
Hepliaklqana
Kikubaaqudgha
Makhleb
Nemelex Xobeh
Okawaru
Qazlal
Ru
Sif Muna
Trog
Uskayaw
Wu Jian
Xom
Zin


Innate Abilities, Weirdness & Mutations

You have a pair of horns on your head.
You reflexively headbutt those who attack you in melee.


Message History

You hit the jelly.
Your hands burn!
The jelly is moderately wounded.
You slash the plant!
The plant begins to die.
You hit the plant.
The plant begins to die.
The jelly hits you but does no damage.
You slash the jelly!
Your hands burn!
You headbutt the jelly.
You kill the jelly!
Okawaru accepts your kill.
You slash the plant! x2
The orc wizard mumbles some strange words.
The orc wizard flickers and vanishes!
Deactivating autopickup; reactivate with Ctrl-A.
The white imp hits you but does no damage.
You hit the white imp.
The white imp is heavily wounded.
You slash the plant! x2; A nearby plant withers and dies.
The white imp hits you but does no damage.
You barely miss the white imp.
The white imp is heavily wounded.
You slash the plant!
A nearby plant withers and dies.
An orc priest comes into view.
It is wielding a +0 flail of holy wrath.
The white imp hits you. The white imp freezes you.
You barely miss the white imp. Your headbutt misses the white imp.
The white imp is heavily wounded.
The orc priest mumbles some strange prayers to Beogh against you.
Beogh smites you!
* * * LOW HITPOINT WARNING * * *
The white imp gestures at you. The puff of frost hits you.
* * * LOW HITPOINT WARNING * * *
The orc priest looks satisfied for a moment.
You block the white imp's attack.
You closely miss the white imp.
The white imp is heavily wounded.
The white imp hits you but does no damage.
You slice the white imp!!
You kill the white imp!
Okawaru accepts your kill.
An orc comes into view. It is wielding a +0 mace.
The ogre hits you with a +0 giant club!
You die...

#. .###. . ##.
###.#... .. #..
#......... ...##..
..... ... ........
P.P# ....
......###.##...
#.#...#...#.##..
#.#..@OY>o.....# #
#...#.#{..#P.###
..###...#.##.##..#
##..........P.P.#
^........#.....o##
.........####....o..
.#.......####......Y.
.....................
..........##.........


You could see an ice beast, an ogre, 2 orc priests and an orc (wandering).

Vanquished Creatures
  A jelly (D:5)
  Terence (D:2)
  2 adders (D:2)
  A white imp (D:5)
  A dart slug (D:1)
  6 endoplasms
  A giant cockroach (D:2)
  3 goblins (D:1)
  7 hobgoblins
  3 jackals (D:1)
  5 kobolds
  2 quokkas (D:2)
  3 ball pythons
  2 bats (D:2)
  5 frilled lizards
  3 rats
46 creatures vanquished.

Notes
Turn   | Place    | Note
-------+----------+-------------------------------------------
     0 | D:1      | brinewave the Minotaur Fighter began the quest for the Orb.
     0 | D:1      | Reached XP level 1. HP: 19/19 MP: 0/0
   157 | D:1      | Reached XP level 2. HP: 27/27 MP: 1/1
   331 | D:1      | Reached XP level 3. HP: 33/33 MP: 2/2
   797 | D:2      | Noticed Terence
   814 | D:2      | Killed Terence
   815 | D:2      | Reached XP level 4. HP: 35/40 MP: 3/3
  1481 | D:3      | You fall into a shaft and drop 2 floors!
  1481 | D:5      | Entered Level 5 of the Dungeon
  1484 | D:5      | Noticed an ogre
  1492 | D:5      | Found a staircase to the Ecumenical Temple.
  1493 | D:5      | Noticed an ice beast
  1498 | Temple   | Entered the Ecumenical Temple
  1505 | Temple   | Became a worshipper of Warmaster Okawaru
  1549 | D:5      | Mangled by an ogre

Illustrated notes

Levels and vault maps discovered:
D:1:      scummos_arrival_star, layout_loops_ring
D:2:      layout_loops_ring, uniq_terence
D:3:      layout_basic, gammafunk_ghost_mausoleum
D:5:      layout_rooms, minmay_temple_entry_gardened_gates
Temple:   nicolae_temple_no_exploring_needed

Skill      XL: |  1  2 |
---------------+-------+-----
Armour         | 4 |  4.5
Shields        | 4 |  4.6
Fighting       | 4 |  4.5
Axes           | 3 |  3.7

Action                     |  1- 3 |  4- 6 || total
---------------------------+-------+-------++-------
  Melee: War axe           |    81 |    31 ||   112
         Headbutt          |     9 |     7 ||    16
  Throw: Javelin           |     1 |       ||     1
    Use: Scroll            |       |     5 ||     5
         Potion            |       |     1 ||     1
 Armour: Scale mail        |    35 |    22 ||    57
  Dodge: Dodged            |    32 |    16 ||    48
  Block: Buckler           |    21 |     6 ||    27
